 Dungeon Crawl Stone Soup version 0.27-a0-797-g27d10ad80f (webtiles) character file.

Game seed: 64280480334128343

149 Hasart the Chopper (level 4, -9/38 HPs)
             Began as a Demigod Fighter on Mar 27, 2021.
             Blown up by Ijyb (15 damage)
             ... with a mindburst bolt
             ... on level 3 of the Dungeon.
             The game lasted 00:05:45 (2579 turns).

Hasart the Chopper (Demigod Fighter)                Turns: 2579, Time: 00:05:46

Health: -9/38      AC:  7    Str: 21    XL:     4   Next: 83%
Magic:  6/6        EV:  7    Int: 10    God:
Gold:   65         SH:  9    Dex: 13    Spells: 3/3 levels left

rFire    . . .     SeeInvis +   a - +0 war axe
rCold    . . .     Faith    .   c - +0 kite shield
rNeg     . . .     Spirit   .   b - +0 scale mail
rPois    .         Reflect  .   (no helmet)
rElec    .         Harm     .   p - scarf {repulsion}
rCorr    .         Rampage  .   e - +0 pair of gloves
Will     .....                  (no boots)
Stlth    ..........             (no amulet)
HPRegen  0.12/turn              q - ring of see invisible
MPRegen  0.10/turn              (no ring)

@: repel missiles
A: high mp 1, forlorn
a: no special abilities


You were on level 3 of the Dungeon.
You visited 1 branch of the dungeon, and saw 3 of its levels.

You collected 113 gold pieces.
You spent 48 gold pieces at shops.

Inventory:

Hand Weapons
 a - a +0 war axe (weapon)
Armour
 b - a +0 scale mail (worn)
 c - a +0 kite shield (worn)
 e - a +0 pair of gloves (worn)
 p - a scarf of repulsion (worn)
Jewellery
 i - a ring of ice
 q - a ring of see invisible (left hand)
Scrolls
 f - 3 scrolls of identify {unknown}
 g - a scroll of holy word {unknown}
 l - a scroll of torment {unknown}
 m - a scroll of enchant weapon {unknown}
 n - a scroll of silence {unknown}
 r - a scroll of noise {unknown}
Potions
 d - 2 potions of might
 h - a potion of heal wounds {unknown}
 j - a potion of curing
 k - a potion of flight {unknown}
 o - a potion of magic {unknown}
 s - a potion of attraction {unknown}


   Skills:
 + Level 3.4 Fighting
 * Level 3.7 Axes
 - Level 3.0 Armour
 - Level 1.0 Dodging
 - Level 2.9 Shields


You had 3 spell levels left.
You didn't know any spells.
Your spell library was empty.

Dungeon Overview and Level Annotations

Branches:
Dungeon (3/15)

Shops:
D:1 ((!   D:2 ?

Annotations:
D:3 Ijyb


Innate Abilities, Weirdness & Mutations

Your attributes grow dramatically as you level up.
You have an increased reservoir of magic. (+10% MP)
You shall have no god before yourself.


Message History

A hobgoblin is nearby!
A hobgoblin is nearby!
An adder comes into view.
The adder hisses angrily.
The hobgoblin barely misses you.
You slash the hobgoblin!
You kill the hobgoblin!
Found a black potion.
You closely miss the adder. The adder bites you. The adder closely misses you.
You hit the adder but do no damage. The adder bites you but does no damage.
You block the adder's attack.
You slash the adder!
You kill the adder!
No target in view!
No target in view!
A kobold comes into view. It is wielding a +0 dagger.
A kobold is nearby!
The kobold hits you but does no damage.
You see here a black potion.
You hit the kobold.
You kill the kobold!
No target in view!
No target in view!
s - a black potion You see here a +0 dagger.
You open the door.
Found a stormy altar of Qazlal.
There is an open door here.
There is a stormy altar of Qazlal here.
You open the door.
There is an open door here.
Ijyb the Twisted Goblin comes into view.
She is wielding a +0 club and carrying a wand of mindburst (7).
Ijyb zaps a wand.
Your mind is blasted!
Ijyb zaps a wand.
Your mind is blasted!
Ouch! That really hurt!
* * * LOW HITPOINT WARNING * * *
Ijyb barely misses you.
Unknown command.
You barely miss Ijyb.
Ijyb zaps a wand.
Your mind is blasted!
You die...

#.###.# #..........+
._..'.# #..........#
#####.## #..........#
### #..###..........#
#####...............#
......####..........#
####### #..........#
# #..........##
#......@g...#
#...........#
########....# ....#
....+ ....# ....#
###.#


You could see Ijyb.

Vanquished Creatures
  A scorpion (D:2)
  3 adders
  4 dart slugs (D:1)
  3 ball pythons
  5 endoplasms
  3 giant cockroaches
  4 goblins (D:1)
  10 hobgoblins
  5 jackals
  4 kobolds
  3 quokkas
  2 frilled lizards
  8 rats
55 creatures vanquished.

Notes
Turn   | Place    | Note
-------+----------+-------------------------------------------
     0 | D:1      | Hasart the Demigod Fighter began the quest for the Orb.
     0 | D:1      | Reached XP level 1. HP: 18/18 MP: 3/3
   228 | D:1      | Found Yjio's Antique Weapon Emporium.
   244 | D:1      | Reached XP level 2. HP: 25/25 MP: 4/4
   270 | D:1      | Found Fuur's Antique Weapon Shop.
   500 | D:1      | Reached XP level 3. HP: 16/30 MP: 5/5
   782 | D:1      | Found Xafuah's Distillery.
   788 | D:1      | Bought a potion of curing for 36 gold pieces
   788 | D:1      | Bought a potion of degeneration for 12 gold pieces
  1227 | D:2      | Reached skill level 1 in Dodging
  1645 | D:2      | Noticed a scorpion
  1881 | D:2      | Killed a scorpion
  1882 | D:2      | Reached XP level 4. HP: 16/38 MP: 6/6
  2138 | D:2      | Found Nuusholl's Magic Scroll Shop.
  2574 | D:3      | Noticed Ijyb
  2579 | D:3      | Blown up by Ijyb

Illustrated notes

Levels and vault maps discovered:
D:1:      scummos_arrival_simple_fountains, layout_loops_ring, serial_shops,
          nicolae_shop_overgrown_old_shop, shop, shop, minmay_heptomino_w4
D:2:      layout_loops_cross, chequers_ecumenical_altar_simple, serial_shops,
          shop, chequers_garden
D:3:      layout_basic, lemuel_doored_altar, old_standard_altar,
          nicolae_vehumet_altar_sigil, uniq_ijyb

Skill      XL: |  1  2  3 |
---------------+----------+-----
Axes           | 2 3 |  3.7
Fighting       | 3 |  3.4
Armour         | 3 |  3.0
Dodging        | 1 |  1.0
Shields        | |  2.9

Action                   |  1- 3 |  4- 6 || total
-------------------------+-------+-------++-------
Melee: War axe           |   114 |    35 ||   149
Armor: Scale mail        |    71 |    15 ||    86
Dodge: Dodged            |    41 |    10 ||    51
Block: Kite shield       |    75 |    22 ||    97

Table legend: (Time is in decaauts)
 A = Elapsed time spent in this place.
 B = Non-inter-level travel time spent in this place.
 C = Inter-level travel time spent in this place.
 D = Time resting spent in this place.
 E = Time spent auto-exploring this place.
 F = Levels seen in this place.
 G = Mean time per level.
                   A        B        C        D        E       F      G
               +--------+--------+--------+--------+--------+-----+--------+
         Total |   2669 |   2616 |     53 |    179 |   2019 |   3 |  889.7 |
       Dungeon |   2669 |   2616 |     53 |    179 |   2019 |   3 |  889.7 |
               +--------+--------+--------+--------+--------+-----+--------+

Top non-repeatable levels by time:
     D:1: 1276 daAuts
     D:2: 1059 daAuts
     D:3: 333 daAuts
